 Dungeon Crawl Stone Soup version 0.30-a0-782-ge64f9170bb (webtiles) character file.

Game seed: 11674675814846404505

12835 senseless the Basher (level 11, -17/89 HPs)
             Began as a Demonspawn Berserker on Mar 1, 2023.
             Was an Elder of Trog.
             Demolished by a frost giant
             ... wielding a +1 battleaxe of freezing
              (29 damage)
             ... in an ice cave on Mar 2, 2023.
             The game lasted 00:33:21 (10671 turns).

senseless the Basher (Demonspawn Berserker)        Turns: 10671, Time: 00:33:22

Health: -17/89     AC: 24    Str: 22    XL:     11   Next: 67%
Magic:  11/11      EV: 10    Int: 13    God:    Trog [****..]
Gold:   691        SH:  0    Dex: 19    Spells: 10/10 levels left

rFire   + . .      SeeInvis .    q - +6 hammer (protect)
rCold   + . .      Faith    .    (no shield)
rNeg    . . .      Spirit   .    y - +0 plate armour
rPois   .          Reflect  .    o - +1 helmet
rElec   +          Harm     .    l - scarf {rC+ rF+}
rCorr   .          Rampage  .    c - +0 pair of fencer's gloves {Riposte Dex+3}
Will    .....      Clarity  +    (no boots) Stlth
                                 D - amulet of magic regeneration
HPRegen 0.34/turn                w - +6 ring of intelligence
MPRegen 0.52/turn                (no ring)

@: about to teleport, under a protective aura
A: claws 2, foul stench 2, sturdy frame 1, demonic magic 2, agile 1, clarity,
electricity resistance
a: Renounce Religion, Berserk, Trog's Hand, Brothers in Arms


You were in an ice cave.
You worshipped Trog.
Trog was greatly pleased with you.
You visited 1 branch of the dungeon, and saw 11 of its levels.
You also visited: Ice Cave.

You collected 746 gold pieces.
You spent 55 gold pieces at shops.

Inventory:

Hand Weapons
 q - a +6 hammer of protection (weapon)
 v - the +4 quarterstaff "Aciy" {flame, rN+ Will+ Str+2 Dex-2}
   (You found it on level 6 of the Dungeon)

   Str:       It affects your strength (+2).
   Dex:       It affects your dexterity (-2).
   rN:        It protects you from negative energy.
   Will:      It increases your willpower.
Armour
 c - the +0 pair of fencer's gloves (worn) {Riposte Dex+3}
   (You acquired it on level 10 of the Dungeon)

   Riposte:   It allows the wearer to riposte with melee weapons, swiftly
   retaliating against missed or blocked melee attacks.
   Dex:       It affects your dexterity (+3).
 l - a scarf of resistance (worn)
 o - a +1 helmet (worn)
 t - a scarf of invisibility
 y - a +0 plate armour (worn)
 M - a +0 cloak
Jewellery
 w - a +6 ring of intelligence (left hand)
 D - an amulet of magic regeneration (around neck)
Wands
 a - a wand of polymorph (7)
 B - a wand of charming (9)
 F - a wand of flame (11)
Scrolls
 f - 2 scrolls of poison
 i - 2 scrolls of fear
 k - 2 scrolls of magic mapping
 u - a scroll of fog
 C - 2 scrolls of identify
 I - a scroll of brand weapon
 K - a scroll of blinking
Potions
 b - 4 potions of flight
 d - 2 potions of invisibility
 e - a potion of magic
 g - a potion of might
 h - a potion of haste
 m - a potion of lignification
 n - 3 potions of attraction
 p - 4 potions of brilliance
 r - 3 potions of curing
 x - a potion of resistance
 z - a potion of cancellation
 A - a potion of mutation
 G - a potion of ambrosia


   Skills:
 + Level 9.1 Fighting
 + Level 12.3 Maces & Flails
 + Level 9.1 Armour
 + Level 4.4 Dodging
 + Level 1.5 Stealth


You had 10 spell levels left.
You didn't know any spells.
Your spell library contained the following spells:

 Spells                   Type           Power      Damage    Failure   Level
 Summon Small Mammal      Summ           0%         N/A       94%         1
 Call Canine Familiar     Summ           0%         N/A       100%        3
 Summon Guardian Golem    Hex/Summ       0%         N/A       100%        3


Dungeon Overview and Level Annotations

Branches:
Dungeon (11/15)            Temple (0/1) D:7             Orc (0/2) D:9
  IceCv (1/1)
   Lair: D:8-11

Altars:
Dithmenos
Qazlal
Sif Muna
Yredelemnul

Shops:
D:5 (!   D:7 *   D:9 [(


Innate Abilities, Weirdness & Mutations

You have very sharp fingernails.
You sometimes emit foul miasma when damaged in melee.
Your movements are slightly less encumbered by armour. (ER -2)
Spells you cast may paralyse nearby enemies.
You are agile. (Dex +4, Str/Int -1)
You possess an exceptional clarity of mind.
You are resistant to electric shocks. (rElec)


Message History

The frost giant looks even sicker.
The frost giant seems to slow down.
The frost giant hits you but does no damage.
You hit the frost giant but do no damage.
The frost giant is moderately wounded.
The frost giant is no longer moving slowly.
The frost giant is engulfed in dark miasma.
The frost giant looks even sicker.
The frost giant completely misses you.
You hit the frost giant.
The frost giant is heavily wounded.
You sock the frost giant!
The frost giant is heavily wounded.
The frost giant is engulfed in dark miasma.
The frost giant looks as sick as possible!
The frost giant hits you but does no damage.
You barely miss the frost giant.
The frost giant is heavily wounded.
The frost giant is engulfed in dark miasma.
The frost giant looks as sick as possible!
The frost giant seems to slow down.
The frost giant points at you and mumbles some strange words.
The bolt of cold hits you! You resist.
* * * LOW HITPOINT WARNING * * *
You hear a bellow!
You hear a howl!
As you read the scroll of teleportation, it crumbles to dust.
You feel strangely unstable.
The frost giant is no longer moving slowly.
The frost giant is engulfed in dark miasma.
The frost giant looks as sick as possible!
The frost giant gestures at you while chanting.
The bolt of cold misses you.
You hit the frost giant.
The frost giant is severely wounded.
You hit the frost giant.
The frost giant is almost dead.
The frost giant points at you and mumbles some strange words.
The bolt of cold misses you.
You hit the frost giant.
The frost giant is almost dead.
The frost giant hits you with a +1 battleaxe of freezing!!
You die... #.... ..CY ...# k.Y ..## Yh#

##C#
#@.#
##.##
#..#
##..#
#..##
#.##
#..#
#..##
##..#


You could see a frost giant (extremely poisoned) and a polar bear.

Vanquished Creatures
  7 death yaks (IceCv)
  A cyclops (D:10)
  An ice statue (IceCv)
  Maggie (D:8)
  2 rime drakes (IceCv)
  3 polar bears (IceCv)
  A troll (D:10)
  Prince Ribbit (D:5)
  3 hornets
  Sigmund (D:6)
  3 wyverns
  12 yaks
  Edmund (D:5)
  An acid dragon (D:9)
  4 orc warriors
  A black bear (D:4)
  A sky beast (D:7)
  An ice beast (D:7)
  6 wolves (IceCv)
  An ogre (D:7)
  5 centaurs
  A kobold brigand (D:9)
  2 bullfrogs
  A necrophage (D:6)
  4 scorpions
  3 killer bees (D:9)
  3 howler monkeys (D:9)
  2 jellies
  4 hounds
  Crazy Yiuf (D:3)
  An orc priest (D:8)
  A gnoll bouda (D:10)
  4 iguanas
  Terence (D:3)
  8 orc wizards
  15 gnolls
  7 adders
  A shadow imp (D:7)
  A white imp (D:5)
  2 dart slugs
  4 worms
  41 orcs
  9 ball pythons
  8 endoplasms
  5 giant cockroaches
  6 goblins
  4 hobgoblins
  4 quokkas
  8 bats
  3 frilled lizards
  5 kobolds
  8 rats
224 creatures vanquished.

Vanquished Creatures (others)
  A bush (D:6)
  5 plants
6 creatures vanquished.

Grand Total: 230 creatures vanquished

Notes
Turn   | Place    | Note
-------+----------+-------------------------------------------
     0 | D:1      | senseless the Demonspawn Berserker began the quest for the
                  | Orb.
     0 | D:1      | Reached XP level 1. HP: 18/18 MP: 1/1
   387 | D:1      | Gained mutation: You may rarely emit foul miasma when
                  | damaged in melee. [demonic ancestry]
   387 | D:1      | Reached XP level 2. HP: 23/24 MP: 2/2
   745 | D:1      | Reached skill level 3 in Maces & Flails
  1114 | D:2      | Reached XP level 3. HP: 29/29 MP: 3/3
  1809 | D:3      | Noticed Terence
  1816 | D:3      | Killed Terence
  1817 | D:3      | Gained mutation: Your movements are slightly less
                  | encumbered by armour. (ER -2) [demonic ancestry]
  1817 | D:3      | Reached XP level 4. HP: 29/36 MP: 4/4
  2030 | D:3      | Reached ** piety under Trog
  2134 | D:3      | Found a faded altar of an unknown god.
  2223 | D:3      | Reached skill level 4 in Maces & Flails
  2344 | D:3      | Gained mutation: You sometimes emit foul miasma when
                  | damaged in melee. [demonic ancestry]
  2344 | D:3      | Reached XP level 5. HP: 42/42 MP: 5/5
  2562 | D:3      | Found a runed translucent door.
  2563 | D:3      | Noticed Crazy Yiuf
  2571 | D:3      | Killed Crazy Yiuf
  2687 | D:4      | Noticed a black bear
  2695 | D:4      | Killed a black bear
  2696 | D:4      | Gained mutation: You have sharp fingernails. [demonic
                  | ancestry]
  2696 | D:4      | Reached XP level 6. HP: 48/48 MP: 6/6
  2837 | D:4      | Reached skill level 5 in Maces & Flails
  3078 | D:4      | Found a stormy altar of Qazlal.
  3168 | D:4      | Identified the +1 helmet of Wad Olio {*Slow rCorr Int+3}
  3435 | D:4      | Gained mutation: Spells you cast may paralyse adjacent
                  | enemies. [demonic ancestry]
  3435 | D:4      | Reached XP level 7. HP: 54/54 MP: 7/7
  3560 | D:5      | Entered Level 5 of the Dungeon
  3562 | D:5      | Found Kicat's Distillery.
  3651 | D:5      | Bought a potion of degeneration for 11 gold pieces
  3651 | D:5      | Bought a potion of brilliance for 44 gold pieces
  3720 | D:5      | Reached *** piety under Trog
  3797 | D:5      | Noticed Prince Ribbit
  3808 | D:5      | Killed Prince Ribbit
  3809 | D:5      | Reached skill level 6 in Maces & Flails
  3812 | D:5      | Noticed Edmund
  3862 | D:5      | Killed Edmund
  3951 | D:5      | Reached XP level 8. HP: 61/61 MP: 8/8
  3971 | D:5      | Found Fuum's Hydra Hut.
  3999 | D:5      | Noticed a five-headed hydra
  4277 | D:6      | Identified the +4 quarterstaff "Aciy" {flame, rN+ Will+
                  | Str+2 Dex-2}
  4343 | D:6      | Reached skill level 7 in Maces & Flails
  4636 | D:6      | Reached skill level 5 in Fighting
  4636 | D:6      | Reached skill level 5 in Armour
  4966 | D:6      | Noticed Sigmund
  4974 | D:6      | Killed Sigmund
  5405 | D:7      | Found a staircase to the Ecumenical Temple.
  5479 | D:7      | Reached skill level 8 in Maces & Flails
  5718 | D:7      | Gained mutation: Spells you cast may paralyse nearby
                  | enemies. [demonic ancestry]
  5718 | D:7      | Reached XP level 9. HP: 68/68 MP: 9/9
  5953 | D:7      | Found Zibip's Gadget Gallery.
  6131 | D:7      | Found a shadowy altar of Dithmenos.
  6131 | D:7      | Found a shimmering blue altar of Sif Muna.
  6138 | D:7      | Found a basalt altar of Yredelemnul.
  6140 | D:7      | Found a faded altar of an unknown god.
  6142 | D:7      | Found a faded altar of an unknown god.
  6386 | D:8      | Paralysed by a hornet for 2 turns
  6553 | D:8      | Gained mutation: You are resistant to electric shocks.
                  | (rElec) [potion of mutation]
  6553 | D:8      | Gained mutation: You have hidden genetic potential. [potion
                  | of mutation]
  6919 | D:8      | Noticed Maggie
  6935 | D:8      | Killed Maggie
  7253 | D:9      | Found Postra Suha's Armour Shop.
  7254 | D:9      | Found a staircase to the Orcish Mines.
  7254 | D:9      | Found Ongeax's Weapon Shop.
  7274 | D:9      | Reached skill level 1 in Stealth
  7419 | D:9      | Reached skill level 9 in Maces & Flails
  7936 | D:9      | Gained mutation: You have very sharp fingernails. [demonic
                  | ancestry]
  7936 | D:9      | Reached XP level 10. HP: 56/77 MP: 10/10
  8332 | D:10     | Entered Level 10 of the Dungeon
  8364 | D:10     | Gained mutation: You possess an exceptional clarity of
                  | mind. [hidden potential]
  8401 | D:10     | Reached **** piety under Trog
  8410 | D:10     | Noticed a cyclops
  8425 | D:10     | Killed a cyclops
  8426 | D:10     | Reached skill level 10 in Maces & Flails
  9416 | D:10     | Paralysed by a hornet for 2 turns
  9701 | D:10     | Identified a scroll of acquirement
  9703 | D:10     | Acquired the +0 pair of fencer's gloves {Riposte Dex+3}
  9703 | D:10     | Found the +0 pair of fencer's gloves {Riposte Dex+3}
  9712 | D:11     | Found a frozen archway.
  9738 | IceCv    | Entered an ice cave
  9821 | IceCv    | Reached skill level 11 in Maces & Flails
  9822 | IceCv    | Noticed a death yak
  9824 | IceCv    | Noticed a death yak
  9845 | IceCv    | Killed a death yak
  9846 | IceCv    | Reached XP level 11. HP: 62/86 MP: 11/11
  9855 | IceCv    | Killed a death yak
  9868 | IceCv    | Gained mutation: You are agile. (Dex +4, Str/Int -1)
                  | [hidden potential]
  9868 | IceCv    | Lost mutation: You have hidden genetic potential. [hidden
                  | potential expressed]
 10025 | IceCv    | Noticed a death yak
 10063 | IceCv    | Killed a death yak
 10273 | IceCv    | Noticed a death yak
 10274 | IceCv    | Noticed a death yak
 10277 | IceCv    | Noticed a death yak
 10279 | IceCv    | Noticed a death yak
 10293 | IceCv    | Killed a death yak
 10300 | IceCv    | Killed a death yak
 10301 | IceCv    | Reached skill level 12 in Maces & Flails
 10321 | IceCv    | HP: 1/87 [death yak (16)]
 10361 | IceCv    | Killed a death yak
 10383 | IceCv    | HP: 6/133 [death yak (3)]
 10390 | IceCv    | Killed a death yak
 10649 | IceCv    | Noticed a frost giant
 10649 | IceCv    | Noticed a death yak
 10671 | IceCv    | Demolished by a frost giant

Illustrated notes

Levels and vault maps discovered:
D:1:      mrwooster_arrival_statue_3, layout_loops_corners
D:2:      layout_loops_ring, nicolae_half_adder
D:3:      layout_rooms, basic_ecumenical_altar, uniq_terence,
          uniq_crazy_yiuf_cottage
D:4:      layout_loops_ring, nicolae_qazlal_scattered_showers
D:5:      layout_cave_pools, serial_shops, shop, doesnt_shop_hydraphobe,
          uniq_prince_ribbit1, uniq_edmund
D:6:      layout_basic, roderic_lattice_a, kb_lookout_dungeons_type,
          minmay_misc_feat_x, uniq_sigmund
D:7:      layout_basic, chequers_temple_overflow_minitemple,
          minmay_temple_entry_crystal_x, nicolae_shop_gadgets
D:8:      layout_layer_cave, uniq_maggie
D:9:      layout_basic, orc_david_3, blue_anna_alchemist
D:10:     layout_stronghold, dreamdust_gnoll_shepherd
D:11:     layout_cave_pods, minmay_lair_entry_grove,
          portal_ice_cave_entry_pillars_2
IceCv:    ice_cave_small_giant

Skill      XL: |  1  2  3  4  5  6  7  8  9 10 11 |
---------------+----------------------------------+-----
Armour         | 2 3 4 5 7 8 9 |  9.1
Maces & Flails | 3 4 5 6 8 9 11 12 | 12.3
Dodging        | 2 3 4 |  4.4
Fighting       | 4 5 6 7 9 |  9.1
Stealth        | 1 |  1.5

Action                     |  1- 3 |  4- 6 |  7- 9 | 10-12 || total
---------------------------+-------+-------+-------+-------++-------
  Melee: Mace              |    88 |   148 |   238 |   304 ||   778
         Short sword       |     6 |       |       |       ||     6
         Punch             |       |     3 |     3 |     3 ||     9
 Invoke: Berserk           |       |     5 |    10 |     6 ||    21
         Trog's Hand       |       |       |       |     3 ||     3
    Use: Scroll            |    10 |     3 |    14 |     5 ||    32
         Potion            |       |       |     1 |     4 ||     5
   Stab: Sleeping          |     2 |       |       |       ||     2
 Armour: Animal skin       |    17 |       |       |       ||    17
         Scale mail        |    24 |    23 |       |       ||    47
         Chain mail        |       |    90 |    60 |       ||   150
         Plate armour      |       |       |    90 |   197 ||   287
  Dodge: Dodged            |    49 |    90 |   114 |   131 ||   384
Riposte: Mace              |       |       |       |    28 ||    28

Table legend: (Time is in decaauts)
 A = Elapsed time spent in this place.
 B = Non-inter-level travel time spent in this place.
 C = Inter-level travel time spent in this place.
 D = Time resting spent in this place.
 E = Time spent auto-exploring this place.
 F = Levels seen in this place.
 G = Mean time per level.
                   A        B        C        D        E       F      G
               +--------+--------+--------+--------+--------+-----+--------+
         Total |  10910 |  10517 |    393 |    880 |   7870 |  12 |  909.2 |
       Dungeon |   9991 |   9598 |    393 |    477 |   7592 |  11 |  908.3 |
      Ice Cave |    918 |    918 |      0 |    403 |    278 |   1 |  918.0 |
               +--------+--------+--------+--------+--------+-----+--------+

Top non-repeatable levels by time:
    D:10: 1401 daAuts
     D:9: 1105 daAuts
     D:7: 1099 daAuts
     D:6: 1038 daAuts
     D:1: 986 daAuts
     D:2: 982 daAuts
     D:4: 931 daAuts
   IceCv: 918 daAuts
     D:8: 909 daAuts
     D:3: 799 daAuts
     D:5: 711 daAuts
    D:11: 24 daAuts
